 Dungeon Crawl Stone Soup version 0.19-a0-1493-gd0fcaa6 (webtiles) character file.

209 Sixotanaka the Caller (level 5, -9/35 HPs)
             Began as a Vampire Summoner on Sept 8, 2016.
             Mangled by an orc
             ... wielding a +2 short sword of electrocution
              (17 damage)
             ... on level 4 of the Dungeon on Sept 9, 2016.
             The game lasted 00:13:41 (5022 turns).

Sixotanaka the Caller (Vampire Summoner)            Turns: 5022, Time: 00:13:41

Health: -9/35      AC:  3    Str:  7    XL:     5   Next: 55%
Magic:  3/8        EV: 13    Int: 18    God:
Gold:   120        SH:  0    Dex: 15    Spells: 3 memorised, 0 levels left

rFire  . . .     SeeInvis +     q - +2 whip (elec)
rCold  + . .     Gourm    .     a - +0 robe
rNeg   + + .     Faith    .     (no shield)
rPois  +         Spirit   .     (no helmet)
rElec  .         Dismiss  .     (no cloak)
rCorr  .         Reflect  .     g - +0 pair of gloves
MR     .....     Harm     .     (no boots)
Stlth  +++.......               (no amulet)
                                (no ring)
                                (no ring)

@: regenerating slowly
A: fangs 3, see invisible, unbreathing
a: Bat Form


You were on level 4 of the Dungeon.
You were near bloodless.

You visited 1 branch of the dungeon, and saw 4 of its levels.

You collected 120 gold pieces.


Innate Abilities, Weirdness & Mutations

You heal slowly.
You have razor-sharp teeth.
You have supernaturally acute eyesight. (SInv)
You can survive without breathing.


   Skills:
 - Level 2.1 Dodging
 - Level 3.0 Stealth
 - Level 2.0 Spellcasting
 + Level 6.6 Summonings
 * Level 1.5 Air Magic


You couldn't memorise any spells.
You knew the following spells:

 Your Spells              Type           Power        Failure   Level  Hunger
a - Summon Small Mammal   Summ           ####         1%          1    #......
b - Call Canine Familiar  Summ           ####....     3%          3    ###....
c - Summon Lightning Spi  Summ/Air       ###.....     34%         4    #####..


Dungeon Overview and Level Annotations

Branches:
Dungeon (4/15)
 Temple: D:4-7

Altars:

Annotations:
D:2 Robin
D:4 exclusion: ogre

Inventory:

Hand Weapons
 q - a +2 whip of electrocution (weapon)
   (You found it on level 2 of the Dungeon)
 r - a +2 dagger of electrocution
   (You took it off a goblin on level 3 of the Dungeon)
 v - a +2 whip of venom
   (You found it on level 3 of the Dungeon)
Missiles
 j - 14 poisoned needles
Armour
 a - a +0 robe (worn)
 g - a +0 pair of gloves (worn)
   (You found it on level 1 of the Dungeon)
Jewellery
 m - an uncursed ring of teleportation
   (You found it on level 2 of the Dungeon)
 u - an uncursed ring of see invisible {unknown}
   (You took it off a goblin on level 3 of the Dungeon)
Wands
 f - a wand of iceblast (5/15)
   (You found it on level 3 of the Dungeon)
 k - a wand of paralysis (5/24)
   (You took it off Ijyb on level 2 of the Dungeon)
Scrolls
 e - 5 scrolls of identify {@r1}
 h - 7 scrolls of teleportation {unknown}
 l - a scroll of remove curse {@r2}
 n - a scroll of fear {unknown}
 p - 2 scrolls of magic mapping {unknown}
 t - a scroll of noise {unknown}
Potions
 c - 22 potions of blood {@q0}
 d - 7 potions of curing {@q1}
 i - 2 potions of agility {unknown}
 o - a potion of lignification {unknown}
 s - 2 potions of brilliance {unknown}
Books
 b - a book of Callings

#. #.# #.# #.#
### #.# ....
#.. #.# .....
#.###.###......
#.#..ho.)......
#.#.#@###......
#.#.#.# #####
#.#.#.# #.#.#.#
###...#.#
#...###.#
+...'...#
#.<.##### #...#


You could see an orc and a friendly hound.


Message History

Where to? (Enter - D:3 @ (x,y), ? - help)
A bat comes into view.
The bat moves out of view.
You can't go down here!
Unknown command.
(D) Dungeon
Where to? (Enter - D:3 @ (x,y), ? - help)
The bat is too close now for your liking.
No target in view!
No target in view!
You start resting.
The bat misses you. x2
You hit the bat.
There is a sudden explosion of sparks!
You kill the bat!
No target in view!
You see here a bat corpse.
You bottle the corpse's blood.
c - 22 potions of blood {@q0} (gained 1)
There is a stone staircase leading down here.
You climb downwards.
Your summoned ally is left behind.
Found a stone staircase leading down.
There is a stone staircase leading up here.
You feel almost devoid of blood!
You open the door.
There is an open door here.
As you open the door, it creaks loudly! 2 orcs come into view.
An orc is wielding a short sword of electrocution.
The orc shouts! x2
Your hound bites the orc.
The orc misses your hound.
Your hound bites the orc.
The orc dies!
The orc barely misses your hound.
Your hound bites the orc.
Your hound barely misses the orc.
The orc hits your hound with a short sword of electrocution.
There is a sudden explosion of sparks!
Your hound dies!
Your hound's corpse disappears in a puff of smoke!
Your hound completely misses the orc.
You barely miss the orc.
Your hound barely misses the orc.
The orc hits you with a short sword of electrocution.
You are electrocuted!
Ouch! That really hurt!
* * * LOW HITPOINT WARNING * * *
Your hound bites the orc.
You hit the orc. The orc barely misses you.
Your hound closely misses the orc.
The orc hits you with a short sword of electrocution.
* * * LOW HITPOINT WARNING * * *
You are electrocuted!
You die...

Vault maps used:
D:1:      dpeg_arrival_erosion
D:2:      serial_forest, infiniplex_forest_straight_4,
          infiniplex_forest_clump_small, infiniplex_forest_straight_5,
          infiniplex_forest_clump_small, infiniplex_forest_join,
          infiniplex_forest_lined_room_, infiniplex_forest_lined_4_way,
          minmay_newt_pond, uniq_robin, uniq_iyjb
D:3:      wad_lake_hut, kennysheep_generic_room_5
D:4:      first_bread, serial_shops, shop, elyvilon_altar_3

Vanquished Creatures
  A scorpion (D:3)
  An adder (D:3)
  A giant gecko (D:1)
  3 giant cockroaches
  5 goblins
  3 hobgoblins
  3 jackals (D:3)
  A quokka (D:3)
  6 bats
  3 giant newts
  4 kobolds (D:3)
  2 rats (D:3)
33 creatures vanquished.

Vanquished Creatures (collateral kills)
  An orc priest (D:3)
  An orc wizard (D:3)
  Ijyb (D:2)
  7 adders
  An ooze (D:2)
  2 worms (D:2)
  4 orcs
  3 giant cockroaches
  13 goblins
  5 hobgoblins
  4 jackals (D:3)
  6 bats
  8 giant newts
  6 kobolds
  3 rats
65 creatures vanquished.

Grand Total: 98 creatures vanquished

Table legend:
 A = Turns spent in this place as a percentage of turns spent in the entire game.
 B = Non-inter-level travel turns spent in this place as a percentage of non-inter-level travel turns spent in the entire game.
 C = Inter-level travel turns spent in this place as a percentage of turns spent in this place.
 D = Turns resting spent in this place as a percentage of non-inter-level travel turns spent in this place.
 E = Turns spent auto-exploring this place as a percentage of non-inter-level travel turns spent in this place.
 F = Non-inter-level travel turns spent in this place divided by the number of levels of this place that you've seen.
                   A       B       C       D       E      F
               +-------+-------+-------+-------+-------+----------------------
         Total | 100.0 | 100.0 |   0.8 |   6.0 |   8.7 | 378.0
       Dungeon | 100.0 | 100.0 |   0.8 |   6.0 |   8.7 | 378.0
               +-------+-------+-------+-------+-------+----------------------

Table legend:
 A = Kills in this place as a percentage of kills in entire the game.
 B = Kills by you in this place as a percentage of kills by you in the entire game.
 C = Kills by friends in this place as a percentage of kills by friends in the entire game.
 D = Other kills in this place as a percentage of other kills in the entire game.
 E = Experience gained in this place as a percentage of experience gained in the entire game.
 F = Experience gained in this place divided by the number of levels of this place that you have seen.
                   A       B       C       D       E      F
               +-------+-------+-------+-------+-------+----------------------
         Total | 100.0 | 100.0 | 100.0 |  -nan | 100.0 |  74.8
       Dungeon | 100.0 | 100.0 | 100.0 |  -nan | 100.0 |  74.8
               +-------+-------+-------+-------+-------+----------------------

Notes
Turn   | Place    | Note
-------+----------+-------------------------------------------
     0 | D:1      | Sixotanaka the Vampire Summoner began the quest for the Orb.
     0 | D:1      | Reached XP level 1. HP: 13/13 MP: 3/3
   490 | D:1      | Reached XP level 2. HP: 18/19 MP: 3/5
  1302 | D:2      | Noticed Robin
  1505 | D:2      | Noticed Ijyb
  1510 | D:2      | Paralysed by Ijyb for 4 turns
  1521 | D:2      | Killed Ijyb
  1521 | D:2      | Reached skill level 5 in Summonings
  1521 | D:2      | Reached XP level 3. HP: 17/24 MP: 1/6
  1816 | D:2      | Learned a level 3 spell: Call Canine Familiar
  2164 | D:2      | HP: 3/24 [goblin/sling bullet[Robin] (7)]
  2800 | D:2      | Reached XP level 4. HP: 30/30 MP: 2/7
  3296 | D:3      | Reached skill level 6 in Summonings
  3509 | D:3      | Reached XP level 5. HP: 17/35 MP: 6/8
  3845 | D:3      | Upgraded the game from 0.19-a0-1490-g5dd3618 to 0.19-a0-1493-gd0fcaa6
  4166 | D:3      | Learned a level 4 spell: Summon Lightning Spire
  4329 | D:3      | Reached skill level 1 in Air Magic
  4875 | D:4      | Noticed an ogre
  5022 | D:4      | HP: 8/35 [orc/short sword of electrocution (3)]
  5022 | D:4      | Mangled by an orc

Action                   |  1- 3 |  4- 6 || total
-------------------------+-------+-------++-------
Melee: Hand axe          |    61 |     1 ||    62
       Bite              |     6 |     2 ||     8
       Unarmed           |     2 |       ||     2
       Whip              |       |    57 ||    57
 Cast: Summon Small Mamm |    43 |     4 ||    47
       Call Canine Famil |    11 |    16 ||    27
  Use: Potion            |     7 |     5 ||    12
       Scroll            |     2 |     1 ||     3
 Stab: Sleeping          |       |     3 ||     3
       Distracted        |       |     1 ||     1
Armor: Robe              |    37 |    12 ||    49
Dodge: Dodged            |    59 |    38 ||    97
